[ PARTIDA AOE2 · #495986597 ]
UnrankedEspañoles vs Teutons
Equipo del jugador · DERR
Equipo rival · VICT
[ ANÁLISIS DE REPETICIÓN · EXTRAÍDO DE LA PARTIDA GRABADA ]
Feudal
8:52
Castillos
17:05
Imperial
28:50
| APM promedio | 78.1 |
| APM pico | 150 |
| eAPM promedio | 37.8 |
| Aldeanos / militares | 54 / 39 |
Foco
⚔️ 50.3% · 🌾 49.7%
Conquistador ×21 · Trebuchet (Packed) ×9 · Scorpion ×7 · Missionary ×2
Feudal
11:47
Castillos
15:17
Imperial
29:04
| APM promedio | 52.0 |
| APM pico | 79 |
| eAPM promedio | 26.4 |
| Aldeanos / militares | 95 / 42 |
Foco
⚔️ 39.9% · 🌾 60.1%
Archer ×16 · Skirmisher ×14 · Monk ×4 · Bombard Cannon ×4 · Trebuchet (Packed) ×3 · Mangonel ×1
Mapa de la partida
Recursos iniciales + cada clic de construcción. Líneas = muros · curvas = relieve. ◆ oro · ⬟ piedra · ● bayas · ✦ reliquia · ◌ hueco del cierre
Tu base· ✓ Cerrada en 17:05 · 4t muro · 3 puerta(s)
Base de Knicks in 5· ✓ Cerrada en 15:17 · 11t muro · 3 puerta(s)
Terreno inicial suavizado · ◌ = hueco del cierre detectado · pasá el cursor para detalles
Inputs por minuto
— HK | El Chairo - - Knicks in 5
Build order — HK | El Chairo
Primeras 150 de 165 acciones detectadas
| 0:00 | Crear | Villager (Male) |
| 0:01 | Crear | Villager (Male) |
| 0:02 | Construir | House |
| 0:03 | Construir | House |
| 0:05 | Construir | House |
| 0:07 | Crear | Villager (Male) |
| 0:08 | Crear | Villager (Male) |
| 1:28 | Crear | Villager (Male) |
| 1:48 | Construir | Lumber Camp |
| 1:59 | Crear | Villager (Male) |
| 2:13 | Crear | Villager (Male) |
| 2:47 | Crear | Villager (Male) |
| 3:08 | Crear | Villager (Male) |
| 3:24 | Construir | House |
| 3:36 | Crear | Villager (Male) |
| 3:37 | Crear | Villager (Male) |
| 4:23 | Crear | Villager (Male) |
| 4:42 | Construir | Mill |
| 4:45 | Crear | Villager (Male) |
| 4:48 | Crear | Villager (Male) |
| 4:55 | Crear | Villager (Male) |
| 5:03 | Crear | Villager (Male) |
| 5:27 | Crear | Villager (Male) |
| 5:32 | Investigar | Loom |
| 5:39 | Crear | Villager (Male) |
| 6:07 | Crear | Villager (Male) |
| 6:17 | Investigar | Loom |
| 6:42 | Investigar | Feudal Age |
| 7:01 | Investigar | Loom |
| 7:07 | Construir | Mining Camp |
| 7:58 | Construir | Mill |
| 8:05 | Crear | Villager (Male) |
| 8:21 | Construir | House |
| 8:52 | Edad | Edad Feudal |
| 8:57 | Investigar | Double-Bit Axe |
| 8:58 | Investigar | Horse Collar |
| 8:58 | Investigar | Horse Collar |
| 9:01 | Crear | Villager (Male) |
| 9:25 | Construir | Farm |
| 9:27 | Crear | Villager (Male) |
| 9:31 | Construir | Farm |
| 9:39 | Crear | Villager (Male) |
| 9:55 | Construir | Farm |
| 10:09 | Crear | Villager (Male) |
| 10:18 | Construir | Farm |
| 10:26 | Construir | Farm |
| 10:32 | Construir | House |
| 10:44 | Construir | Farm |
| 10:45 | Crear | Villager (Male) |
| 11:00 | Crear | Villager (Male) |
| 11:04 | Construir | Farm |
| 11:24 | Crear | Villager (Male) |
| 11:52 | Construir | Mining Camp |
| 12:03 | Crear | Villager (Male) |
| 12:13 | Construir | House |
| 12:22 | Crear | Villager (Male) |
| 12:39 | Construir | Market |
| 12:42 | Crear | Villager (Male) |
| 13:07 | Crear | Villager (Male) |
| 13:24 | Construir | Palisade Wall |
| 13:25 | Construir | Palisade Wall |
| 13:27 | Construir | Palisade Wall |
| 13:28 | Construir | Palisade Wall |
| 13:33 | Construir | Blacksmith |
| 13:35 | Crear | Villager (Male) |
| 13:57 | Construir | House |
| 14:19 | Construir | House |
| 14:25 | Investigar | Castle Age |
| 14:25 | Investigar | Castle Age |
| 14:57 | Investigar | Gold Mining |
| 14:57 | Investigar | Gold Mining |
| 15:14 | Construir | Farm |
| 15:17 | Construir | Farm |
| 15:21 | Crear | Villager (Male) |
| 17:05 | Edad | Edad de los Castillos |
| 17:08 | Construir | Castle |
| 17:32 | Investigar | Bow Saw |
| 17:32 | Investigar | Heavy Plow |
| 17:33 | Crear | Villager (Male) |
| 17:45 | Construir | Palisade Wall |
| 17:46 | Construir | Palisade Wall |
| 17:47 | Construir | Palisade Wall |
| 17:55 | Crear | Villager (Male) |
| 18:08 | Investigar | Loom |
| 18:26 | Construir | Siege Workshop |
| 18:26 | Crear | Villager (Male) |
| 18:41 | Crear | Villager (Male) |
| 18:48 | Crear | Scorpion |
| 18:48 | Crear | Scorpion |
| 18:51 | Construir | House |
| 18:56 | Crear | Villager (Male) |
| 19:04 | Crear | Villager (Male) |
| 19:07 | Construir | Monastery |
| 19:21 | Construir | Farm |
| 19:22 | Crear | Conquistador |
| 19:22 | Crear | Conquistador |
| 19:30 | Crear | Missionary |
| 19:30 | Crear | Missionary |
| 19:33 | Crear | Villager (Male) |
| 19:39 | Construir | Farm |
| 19:39 | Construir | Farm |
| 19:40 | Construir | Farm |
| 19:41 | Construir | Farm |
| 19:46 | Crear | Conquistador |
| 19:47 | Crear | Conquistador |
| 20:01 | Crear | Conquistador |
| 20:22 | Crear | Villager (Male) |
| 20:24 | Construir | Farm |
| 20:32 | Crear | Conquistador |
| 20:32 | Crear | Conquistador |
| 20:32 | Crear | Conquistador |
| 20:50 | Crear | Villager (Male) |
| 21:02 | Crear | Villager (Male) |
| 21:05 | Crear | Scorpion |
| 21:19 | Crear | Scorpion |
| 21:20 | Crear | Villager (Male) |
| 21:22 | Crear | Villager (Male) |
| 21:33 | Crear | Conquistador |
| 21:37 | Investigar | Padded Archer Armor |
| 21:50 | Crear | Villager (Male) |
| 21:54 | Construir | Farm |
| 21:57 | Crear | Villager (Male) |
| 21:58 | Crear | Villager (Male) |
| 22:03 | Crear | Scorpion |
| 22:05 | Crear | Villager (Male) |
| 22:16 | Crear | Scorpion |
| 22:25 | Crear | Conquistador |
| 22:40 | Crear | Conquistador |
| 22:42 | Crear | Scorpion |
| 22:47 | Crear | Villager (Male) |
| 23:37 | Construir | Castle |
| 23:59 | Construir | Mining Camp |
| 25:40 | Investigar | Imperial Age |
| 25:40 | Investigar | Imperial Age |
| 25:50 | Crear | Villager (Male) |
| 25:54 | Construir | Lumber Camp |
| 26:08 | Crear | Conquistador |
| 26:37 | Crear | Conquistador |
| 26:37 | Crear | Conquistador |
| 26:47 | Investigar | Devotion |
| 26:47 | Investigar | Devotion |
| 26:48 | Crear | Conquistador |
| 27:20 | Crear | Conquistador |
| 27:29 | Construir | Farm |
| 27:30 | Construir | Farm |
| 27:50 | Crear | Conquistador |
| 27:50 | Crear | Conquistador |
| 28:00 | Construir | Farm |
| 28:01 | Crear | Villager (Male) |
| 28:11 | Crear | Conquistador |
Build order — Knicks in 5
Primeras 150 de 270 acciones detectadas
| 0:00 | Crear | Villager (Male) ×4 |
| 0:02 | Construir | House |
| 0:02 | Construir | House |
| 1:21 | Crear | Villager (Male) |
| 1:47 | Construir | Lumber Camp |
| 2:01 | Crear | Villager (Male) |
| 2:02 | Crear | Villager (Male) |
| 2:16 | Crear | Villager (Male) |
| 2:45 | Crear | Villager (Male) |
| 2:45 | Crear | Villager (Male) |
| 3:08 | Crear | Villager (Male) |
| 3:38 | Crear | Villager (Male) |
| 3:39 | Crear | Villager (Male) |
| 3:47 | Construir | Palisade Wall |
| 3:49 | Construir | Palisade Wall |
| 3:51 | Construir | Palisade Wall |
| 3:56 | Construir | Palisade Wall |
| 3:59 | Construir | Palisade Wall |
| 4:01 | Construir | Palisade Wall |
| 4:03 | Construir | Palisade Gate |
| 4:08 | Construir | House |
| 4:12 | Crear | Villager (Male) |
| 4:12 | Crear | Villager (Male) |
| 4:21 | Construir | Palisade Wall |
| 4:22 | Construir | Palisade Wall |
| 4:23 | Construir | Palisade Wall |
| 4:23 | Construir | Palisade Wall |
| 4:24 | Construir | Palisade Wall |
| 4:34 | Crear | Villager (Male) |
| 4:55 | Construir | House |
| 4:57 | Crear | Villager (Male) |
| 5:21 | Crear | Villager (Male) |
| 5:24 | Construir | Mill |
| 6:16 | Crear | Villager (Male) |
| 6:17 | Crear | Villager (Male) |
| 6:17 | Crear | Villager (Male) |
| 7:03 | Crear | Villager (Male) |
| 7:10 | Construir | Farm |
| 7:18 | Crear | Villager (Male) |
| 7:23 | Construir | Barracks |
| 7:30 | Construir | Barracks |
| 7:47 | Construir | House |
| 7:54 | Crear | Villager (Male) |
| 8:20 | Construir | Farm |
| 8:20 | Construir | Farm |
| 8:21 | Crear | Villager (Male) |
| 8:38 | Crear | Villager (Male) |
| 8:50 | Construir | Mining Camp |
| 8:59 | Investigar | Loom |
| 9:19 | Investigar | Feudal Age |
| 11:19 | Crear | Villager (Male) |
| 11:20 | Crear | Villager (Male) |
| 11:30 | Construir | House |
| 11:47 | Edad | Edad Feudal |
| 11:55 | Construir | Blacksmith |
| 11:57 | Construir | Archery Range |
| 12:10 | Investigar | Double-Bit Axe |
| 12:24 | Construir | Farm |
| 12:25 | Construir | Farm |
| 12:27 | Construir | Farm |
| 12:37 | Investigar | Castle Age |
| 12:39 | Crear | Archer |
| 12:39 | Crear | Archer |
| 12:48 | Investigar | Horse Collar |
| 13:25 | Crear | Archer |
| 13:34 | Construir | Archery Range |
| 13:47 | Crear | Villager (Male) |
| 13:49 | Construir | Farm |
| 14:12 | Investigar | Fletching |
| 14:12 | Investigar | Fletching |
| 14:23 | Crear | Archer |
| 14:30 | Construir | House |
| 14:51 | Crear | Archer |
| 14:51 | Crear | Archer |
| 14:58 | Crear | Villager (Male) |
| 15:17 | Edad | Edad de los Castillos |
| 15:20 | Construir | Monastery |
| 15:24 | Crear | Villager (Male) |
| 15:46 | Crear | Archer |
| 15:47 | Crear | Archer |
| 16:03 | Construir | Farm |
| 16:07 | Crear | Monk |
| 16:17 | Construir | House |
| 16:29 | Crear | Villager (Male) |
| 16:58 | Crear | Villager (Male) |
| 17:03 | Construir | Town Center |
| 17:05 | Crear | Monk |
| 17:22 | Crear | Villager (Male) |
| 17:22 | Crear | Villager (Male) |
| 17:58 | Crear | Villager (Male) |
| 18:11 | Investigar | Crossbowman (upgrade) |
| 18:28 | Construir | House |
| 18:53 | Crear | Villager (Male) |
| 18:56 | Crear | Monk |
| 19:06 | Construir | Farm |
| 19:08 | Crear | Villager (Male) |
| 19:13 | Construir | Town Center |
| 19:16 | Construir | House |
| 19:17 | Construir | House |
| 19:17 | Construir | House |
| 19:17 | Construir | House |
| 19:27 | Crear | Archer |
| 19:27 | Crear | Archer |
| 19:29 | Crear | Villager (Male) |
| 19:36 | Construir | Farm |
| 19:36 | Construir | Farm |
| 19:39 | Investigar | Bow Saw |
| 19:39 | Investigar | Bow Saw |
| 19:43 | Construir | Farm |
| 19:43 | Construir | Farm |
| 19:46 | Construir | Farm |
| 19:49 | Crear | Villager (Male) |
| 19:49 | Crear | Villager (Male) |
| 20:00 | Construir | Farm |
| 20:07 | Crear | Villager (Male) |
| 20:07 | Crear | Villager (Male) |
| 20:10 | Construir | House |
| 20:10 | Construir | House |
| 20:11 | Construir | House |
| 20:11 | Construir | House |
| 20:14 | Investigar | Sanctity |
| 20:15 | Investigar | Sanctity |
| 20:32 | Crear | Villager (Male) |
| 20:33 | Crear | Villager (Male) |
| 20:36 | Construir | Farm |
| 20:51 | Crear | Archer |
| 20:51 | Crear | Archer |
| 20:52 | Crear | Villager (Male) |
| 20:52 | Crear | Villager (Male) |
| 20:52 | Crear | Villager (Male) |
| 20:55 | Construir | Farm |
| 20:56 | Construir | Farm |
| 20:56 | Construir | Farm |
| 20:59 | Construir | Farm |
| 21:01 | Crear | Villager (Male) |
| 21:01 | Crear | Villager (Male) |
| 21:05 | Crear | Villager (Male) |
| 21:05 | Crear | Villager (Male) |
| 21:31 | Crear | Villager (Male) |
| 21:31 | Crear | Villager (Male) |
| 21:38 | Crear | Villager (Male) |
| 21:40 | Crear | Archer |
| 21:40 | Crear | Archer |
| 21:43 | Construir | Farm |
| 21:44 | Construir | Farm |
| 21:53 | Crear | Villager (Male) |
| 21:53 | Crear | Villager (Male) |
| 21:55 | Construir | Lumber Camp |
| 21:59 | Crear | Monk |
| 22:04 | Crear | Villager (Male) |
Cronología de la partida
| 3:47 | Knicks in 5 · wall_segment Palisade Wall x1 |
| 3:49 | Knicks in 5 · wall_segment Palisade Wall x1 |
| 3:51 | Knicks in 5 · wall_segment Palisade Wall x1 |
| 3:56 | Knicks in 5 · wall_segment Palisade Wall x1 |
| 3:59 | Knicks in 5 · wall_segment Palisade Wall x1 |
| 4:01 | Knicks in 5 · wall_segment Palisade Wall x1 |
| 4:21 | Knicks in 5 · wall_segment Palisade Wall x1 |
| 4:22 | Knicks in 5 · wall_segment Palisade Wall x1 |
| 4:23 | Knicks in 5 · wall_segment Palisade Wall x1 |
| 4:23 | Knicks in 5 · wall_segment Palisade Wall x1 |
| 4:24 | Knicks in 5 · wall_segment Palisade Wall x1 |
| 7:23 | Knicks in 5 · first_building Barracks |
| 8:52 | HK | El Chairo · age_up feudal |
| 11:47 | Knicks in 5 · age_up feudal |
| 11:57 | Knicks in 5 · first_building Archery Range |
| 13:24 | HK | El Chairo · wall_segment Palisade Wall x1 |
| 13:25 | HK | El Chairo · wall_segment Palisade Wall x1 |
| 13:27 | HK | El Chairo · wall_segment Palisade Wall x1 |
| 13:28 | HK | El Chairo · wall_segment Palisade Wall x1 |
| 15:17 | Knicks in 5 · age_up castle |
| 15:20 | Knicks in 5 · first_building Monastery |
| 17:05 | HK | El Chairo · age_up castle |
| 17:08 | HK | El Chairo · first_building Castle |
| 17:45 | HK | El Chairo · wall_segment Palisade Wall x1 |
| 17:46 | HK | El Chairo · wall_segment Palisade Wall x1 |
| 17:47 | HK | El Chairo · wall_segment Palisade Wall x1 |
| 18:26 | HK | El Chairo · first_building Siege Workshop |
| 19:07 | HK | El Chairo · first_building Monastery |
| 23:23 | HK | El Chairo · first_market_buy 100 stone |
| 23:25 | HK | El Chairo · first_market_sell 500 wood |
| 26:47 | Knicks in 5 · first_building Castle |
| 27:02 | Knicks in 5 · first_building Siege Workshop |
| 28:50 | HK | El Chairo · age_up imperial |
| 29:04 | Knicks in 5 · age_up imperial |
| 30:49 | Knicks in 5 · first_market_sell 100 food |
| 33:06 | HK | El Chairo · resign |
[ ANÁLISIS IA · 1 CRÉDITO ]
¿Qué pasó realmente en esta partida?
Wolo.gg analiza cada decisión: build order, eco, micro, errores típicos por bracket. Análisis personalizado por WhatsApp o Discord en 30 segundos.
Guía civ
Españoles
Perfil
HK | El Chairo